 Dungeon Crawl Stone Soup version 0.23-a0-163-g800ba1ec23 (webtiles) character file.

1705 Napalmbreeze the Cleaver (level 8, -4/74 HPs)
             Began as a Deep Dwarf Fighter on Sept 9, 2018.
             Was a Follower of Makhleb.
             Slain by an ice beast (9 damage)
             ... on level 6 of the Dungeon.
             The game lasted 00:05:57 (3840 turns).

Napalmbreeze the Cleaver (Deep Dwarf Fighter)       Turns: 3840, Time: 00:05:58

Health: -4/74      AC: 10    Str: 20    XL:     8   Next: 73%
Magic:  4/4        EV: 10    Int:  9    God:    Makhleb [*.....]
Gold:   267        SH:  0    Dex: 14    Spells: 7/7 levels left

rFire    . . .     SeeInvis .   a - +0 war axe
rCold    . . .     Gourm    .   (no shield)
rNeg     . . .     Faith    .   l - +0 chain mail
rPois    .         Spirit   .   (no helmet)
rElec    .         Reflect  .   (no cloak)
rCorr    .         Harm     .   (no gloves)
MR       +....                  (no boots)
Stlth    ..........             (no amulet)
HPRegen  0.00/turn              (no ring)
MPRegen  0.09/turn              (no ring)

@: non-regenerating
A: damage resistance, heal wounds, sense surroundings 1, no regeneration
a: Heal Wounds, Renounce Religion


You were on level 6 of the Dungeon.
You worshipped Makhleb.
Makhleb was aware of your devotion.
You were not hungry.

You visited 2 branches of the dungeon, and saw 7 of its levels.

You collected 267 gold pieces.

Inventory:

Hand Weapons
 a - a +0 war axe (weapon)
Armour
 c - a +0 shield
 l - a +0 chain mail (worn)
Jewellery
 b - an uncursed ring of wizardry {unknown}
 p - an uncursed amulet of rage {unknown}
 q - an uncursed ring of wizardry {unknown}
 u - a cursed -3 ring of dexterity {unknown}
Wands
 v - a wand of paralysis (10)
 y - a wand of iceblast (7)
Scrolls
 e - 8 scrolls of teleportation {unknown}
 h - 2 scrolls of amnesia {unknown}
 j - a scroll of blinking {unknown}
 k - 8 scrolls of identify {unknown}
 n - a scroll of fear {unknown}
 o - 2 scrolls of noise {unknown}
 s - a scroll of immolation {unknown}
 w - a scroll of remove curse {unknown}
Potions
 d - a potion of might
 g - 2 potions of flight {unknown}
 i - 2 potions of brilliance {unknown}
 m - 3 potions of curing {unknown}
 r - a potion of agility {unknown}
 t - a potion of resistance {unknown}
Comestibles
 f - 6 rations
 x - a chunk of flesh


   Skills:
 + Level 5.2 Fighting
 * Level 8.1 Axes
 + Level 6.4 Armour
 + Level 5.2 Dodging
 - Level 3.2 Shields


You had 7 spell levels left.
You didn't know any spells.
Your spell library was empty.

Dungeon Overview and Level Annotations

Branches:
Dungeon (6/15)             Temple (1/1) D:4

Altars:
Ashenzari
Cheibriados
Elyvilon
Fedhas
Kikubaaqudgha
Makhleb
Okawaru
Qazlal
Ru
Sif Muna
Trog
Vehumet
Wu Jian
Xom
Yredelemnul
The Shining One


Innate Abilities, Weirdness & Mutations

You are resistant to damage.
You can heal yourself by infusing magical energy.
You passively map a small area around you.
You do not regenerate.


Message History

You hit the ice beast but do no damage.
The ice beast is moderately wounded.
The ice beast hits you but does no damage.
You closely miss the ice beast.
The ice beast is moderately wounded.
The ice beast hits you.
* * * LOW HITPOINT WARNING * * *
The ice beast freezes you.
* * * LOW HITPOINT WARNING * * *
You slash the ice beast!
The ice beast is severely wounded.
The ice beast hits you. The ice beast freezes you!
* * * LOW HITPOINT WARNING * * *
The ice beast closely misses you.
Your chain mail prevents you from hitting the ice beast.
The ice beast is severely wounded.
The ice beast hits you.
* * * LOW HITPOINT WARNING * * *
The ice beast freezes you!
You die...

#....##.........
##...##......... . ,
#...##.......## , .., *
#...##.......#
.....######..##.......#
.............##.......#
,,.....#######.##.......#
, ..........†...........#
.......@###...........#
##.##.#Y# #............
,..,... .....#+### , * *
... .#.###....#, ,#=.
..#.# ####...* , #< ..
#+# #..# * # .#. , , ,...
, ..., , * * , , , ,, * *


You could see an ice beast.

Vanquished Creatures
  Sigmund (D:3)
  A phantom (D:4)
  The ghost of Ablot the Charmwright, an amateur GnSk (D:3)
  2 ogres
  A centaur (D:5)
  A bullfrog (D:3)
  6 killer bees (D:5)
  A howler monkey (D:4)
  3 crimson imps (D:5)
  A jelly (D:6)
  A centaur skeleton (D:5)
  A hound (D:4)
  2 orc priests (D:6)
  5 orc wizards
  A worker ant (D:4)
  2 iguanas
  A hound skeleton (D:4)
  2 worker ant zombies (D:6)
  Robin (D:3)
  8 adders
  3 gnolls (D:2)
  A shadow imp (D:5)
  3 oozes
  An adder skeleton (D:4)
  2 dart slugs
  8 leopard geckos
  12 orcs
  4 giant cockroaches
  14 goblins
  11 hobgoblins
  16 jackals
  7 kobolds
  2 quokkas
  3 ball pythons
  3 bats
  4 frilled lizards
  6 rats
142 creatures vanquished.

Notes
Turn   | Place    | Note
-------+----------+-------------------------------------------
     0 | D:1      | Napalmbreeze the Deep Dwarf Fighter began the quest for the
                  | Orb.
     0 | D:1      | Reached XP level 1. HP: 20/20 MP: 1/1
    95 | D:1      | Reached XP level 2. HP: 24/27 MP: 2/2
   500 | D:2      | Reached skill level 1 in Dodging
   646 | D:2      | Reached skill level 3 in Axes
   646 | D:2      | Reached XP level 3. HP: 28/33 MP: 3/3
   911 | D:2      | Reached XP level 4. HP: 22/42 MP: 4/4
  1043 | D:2      | Found a deep blue altar of Sif Muna.
  1425 | D:3      | Noticed Robin
  1450 | D:3      | Killed Robin
  1468 | D:3      | Reached skill level 4 in Axes
  1507 | D:3      | Noticed a bullfrog
  1509 | D:3      | Reached XP level 5. HP: 46/49 MP: 4/4
  1512 | D:3      | Noticed Ablot's ghost (amateur GnSk)
  1513 | D:3      | Found a runed gate.
  1514 | D:3      | Found a runed gate.
  1514 | D:3      | Found a runed gate.
  1633 | D:3      | Noticed Sigmund
  1660 | D:3      | Killed Sigmund
  1660 | D:3      | Reached XP level 6. HP: 28/56 MP: 5/5
  2022 | D:3      | Killed Ablot's ghost
  2022 | D:3      | Reached skill level 5 in Axes
  2100 | D:4      | Reached XP level 7. HP: 35/64 MP: 5/5
  2112 | D:4      | Found a staircase to the Ecumenical Temple.
  2122 | Temple   | Entered the Ecumenical Temple
  2191 | Temple   | Became a worshipper of Makhleb the Destroyer
  2213 | D:4      | Found a deep blue altar of Sif Muna.
  2312 | D:4      | Reached skill level 5 in Armour
  2405 | D:4      | Found an iron altar of Okawaru.
  2446 | D:4      | Reached skill level 6 in Axes
  2701 | D:5      | Entered Level 5 of the Dungeon
  2753 | D:5      | Reached XP level 8. HP: 44/73 MP: 6/6
  2761 | D:5      | Reached skill level 7 in Axes
  2868 | D:5      | Reached * piety under Makhleb
  2891 | D:5      | HP: 1/73 [ogre/giant spiked club (18)]
  3058 | D:5      | Found a shimmering altar of Xom.
  3342 | D:5      | Reached skill level 5 in Fighting
  3682 | D:5      | Reached skill level 5 in Dodging
  3748 | D:6      | Reached skill level 8 in Axes
  3840 | D:6      | Slain by an ice beast

Vault maps used:
D:1:      saegor_arrival_simple_d
D:2:      lemuel_coloured_pillars_altar, first_ration, st_stairs_4,
          minivault_26, minmay_hedge_maze
D:3:      gammafunk_ghost_split, uniq_sigmund, uniq_robin
D:4:      kennysheep_little_box, minmay_temple_entry_junction,
          kennysheep_cluttered_room, led_sif_book
D:5:      kennysheep_mini_moat, minmay_misc_feat_four_crosses,
          minmay_lizard_king
D:6:      serial_shops, nicolae_shop_crystal, minmay_statues_item,
          lemuel_old_faithful, uniq_pikel, uniq_eustachio
Temple:   eino_temple_rhombus

Skill      XL: |  1  2  3  4  5  6  7  8 |
---------------+-------------------------+-----
Dodging        | 1 2 3 4 5 |  5.2
Axes           | 3 4 5 6 8 |  8.1
Fighting       | 3 4 5 |  5.2
Armour         | 4 5 6 |  6.4
Shields        | |  3.2

Action                   |  1- 3 |  4- 6 |  7- 9 || total
-------------------------+-------+-------+-------++-------
Melee: War axe           |   135 |   150 |   204 ||   489
 Abil: Heal Wounds       |     1 |     4 |     7 ||    12
  Eat: Chunk             |       |     4 |     3 ||     7
       Ration            |       |       |     1 ||     1
Armor: Scale mail        |    30 |       |       ||    30
       Chain mail        |    72 |    75 |   146 ||   293
Dodge: Dodged            |    70 |    83 |   137 ||   290

Table legend:
 A = Non-vault XP
 B = Vault XP
 C = Vault XP percentage of total XP
 D = Non-vault monster count
 E = Vault monster count
 F = Vault count percentage of total count
                 A         B        C        D         E       F
            +---------+---------+-------+---------+---------+-------
      Total |    1905 |     532 |  21.8 |     114 |      28 |  19.7
            +---------+---------+-------+---------+---------+-------
        D:1 |      21 |       0 |   0.0 |      13 |       0 |   0.0
        D:2 |     120 |       3 |   2.4 |      29 |       2 |   6.5
        D:3 |      27 |     480 |  94.7 |      14 |      19 |  57.6
        D:4 |     549 |       0 |   0.0 |      20 |       0 |   0.0
        D:5 |     909 |      49 |   5.1 |      25 |       7 |  21.9
        D:6 |     279 |       0 |   0.0 |      13 |       0 |   0.0
            +---------+---------+-------+---------+---------+-------
